 Dungeon Crawl Stone Soup version 0.18-a0-1180-g64ccc1e (webtiles) character file.

7532 ololoev the Destroyer (level 10, -22/50 HPs)
             Began as a Deep Elf Fire Elementalist on Jan 27, 2016.
             Was a High Priest of Sif Muna.
             Killed from afar by Josephine (34 damage)
             ... with a ghostly fireball
             ... on level 11 of the Dungeon.
             The game lasted 00:41:29 (4523 turns).

ololoev the Destroyer (Deep Elf Fire Elementalist)  Turns: 4523, Time: 00:41:30

Health: -22/50     AC:  3    Str:  5    XL:     10   Next: 96%
Magic:  7/25       EV: 14    Int: 24    God:    Sif Muna [*****.]
Gold:   176        SH:  0    Dex: 15    Spells: 5 memorised, 12 levels left

rFire  . . .     SeeInvis .     a - +1 whip (flame)
rCold  + . .     Gourm    +     s - +1 robe
rNeg   . . .     Faith    .     (no shield)
rPois  .         Spirit   .     (no helmet)
rElec  .         Dismiss  .     (no cloak)
rCorr  +         Reflect  .     (no gloves)
SustAt .         Harm     .     (no boots)
MR     +....                    w - amulet of the gourmand
Stlth  ++........               y - ring of resist corrosion
                                j - ring of protection from cold

@: very slightly contaminated, invisible, somewhat resistant to hostile
enchantments, unstealthy
A: no striking features
a: Channel Energy, Forget Spell, Renounce Religion

Inventory:

Hand Weapons
 a - a +1 whip of flaming (weapon)
Armour
 s - a +1 robe (worn)
Jewellery
 j - a ring of protection from cold (left hand)
 w - an amulet of the gourmand (around neck)
 y - a ring of resist corrosion (right hand)
 z - a +2 amulet of reflection
Wands
 d - a wand of draining (2/15)
 A - a wand of draining (9/15)
 B - a wand of invisibility (0/9)
Scrolls
 e - 3 scrolls of teleportation
 f - a scroll of enchant armour
 h - 2 scrolls of enchant weapon {unknown}
 i - a scroll of immolation {unknown}
 k - a scroll of fear {unknown}
 l - 2 scrolls of remove curse
 n - 2 scrolls of fog
 p - a scroll of summoning
 q - 2 scrolls of magic mapping
 u - 2 scrolls of recharging {unknown}
 v - a scroll of amnesia {unknown}
Potions
 g - 3 potions of curing
 C - 2 potions of magic
Books
 b - a book of Flames

   Spells                             Type                      Level
   a - Flame Tongue                   Conjuration/Fire             1
   b - Throw Flame                    Conjuration/Fire             2
   c - Conjure Flame                  Conjuration/Fire             3
   d - Inner Flame                    Hexes/Fire                   3
   e - Sticky Flame                   Conjuration/Fire             4
   f - Fireball                       Conjuration/Fire             5
Comestibles
 c - 6 bread rations
 r - 9 beef jerkies
 t - 2 meat rations


   Skills:
 + Level 4.2 Dodging
 - Level 2.4 Stealth
 + Level 9.7 Spellcasting
 * Level 10.7 Conjurations
 * Level 10.7 Fire Magic
 + Level 7.0 Invocations


You had 12 spell levels left.
You knew the following spells:

 Your Spells              Type           Power        Failure   Level  Hunger
a - Flame Tongue          Conj/Fire      #####        1%          1    None
b - Conjure Flame         Conj/Fire      ######..     1%          3    None
c - Sticky Flame          Conj/Fire      ######..     1%          4    #......
d - Fireball              Conj/Fire      ######....   1%          5    ####...
e - Inner Flame           Hex/Fire       #####...     1%          3    None


You were on level 11 of the Dungeon.
You worshipped Sif Muna.
Sif Muna was extremely pleased with you.
You were not hungry.

You visited 3 branches of the dungeon, and saw 13 of its levels.

You collected 333 gold pieces.
You spent 157 gold pieces at shops.

#.# #.# ##@##. #.#
...#. #.# .... #.#
... #.# #W. #.#
#..###########.#
#####..#o§....@...[#
.....§..@###########
#####.§### #.. ....
##... #..# #.. #..

Notes
Turn   | Place    | Note
--------------------------------------------------------------
     0 | D:1      | ololoev the Deep Elf Fire Elementalist began the quest for the Orb.
     0 | D:1      | Reached XP level 1. HP: 10/10 MP: 6/6
   115 | D:1      | Reached XP level 2. HP: 13/15 MP: 1/8
   335 | D:2      | Found a radiant altar of Vehumet.
   336 | D:2      | Found a burning altar of Makhleb.
   348 | D:2      | Reached XP level 3. HP: 19/19 MP: 6/10
   592 | D:5      | Entered Level 5 of the Dungeon
   624 | D:4      | Learned a level 3 spell: Conjure Flame
   689 | D:4      | Reached skill level 4 in Spellcasting
   689 | D:4      | Reached XP level 4. HP: 7/24 MP: 3/12
   728 | D:4      | Found a sacrificial altar of Ru.
   728 | D:4      | Found an opulent altar of Gozag.
   728 | D:4      | Found an iron altar of Okawaru.
   729 | D:4      | Found a snail-covered altar of Cheibriados.
   730 | D:4      | Found a shadowy altar of Dithmenos.
   730 | D:4      | Found an ancient bone altar of Kikubaaqudgha.
   731 | D:4      | Noticed a phantom
   749 | D:4      | Killed a phantom
   749 | D:4      | Reached XP level 5. HP: 28/28 MP: 5/13
   834 | D:4      | Noticed an ogre
   849 | D:4      | Killed an ogre
   849 | D:4      | Reached skill level 5 in Spellcasting
   897 | D:4      | Reached XP level 6. HP: 32/32 MP: 6/15
   927 | D:4      | Reached skill level 5 in Fire Magic
   950 | D:4      | Found an oddly glowing altar of Pakellas.
  1048 | D:4      | Reached skill level 5 in Conjurations
  1130 | D:5      | Found Buretsig's Assorted Antiques.
  1140 | D:5      | Bought a pink potion for 25 gold pieces
  1140 | D:5      | Bought a scroll labeled ADOPOKKELEH for 28 gold pieces
  1221 | D:5      | Found a staircase to the Ecumenical Temple.
  1230 | Temple   | Entered the Ecumenical Temple
  1255 | Temple   | Became a worshipper of Sif Muna the Loreminder
  1318 | D:5      | Found Buovek's Assorted Antiques.
  1332 | D:5      | Bought a scroll labeled WACKUHOEST for 26 gold pieces
  1332 | D:5      | Bought a scroll labeled KYNATETTOT for 26 gold pieces
  1332 | D:5      | Bought a scroll labeled WACKUHOEST for 26 gold pieces
  1339 | D:5      | Noticed a sky beast
  1357 | D:5      | Killed a sky beast
  1465 | D:5      | Reached skill level 1 in Invocations
  1465 | D:5      | Reached XP level 7. HP: 36/36 MP: 11/17
  1919 | D:6      | Reached skill level 6 in Fire Magic
  1925 | D:6      | Learned a level 4 spell: Sticky Flame
  1931 | D:6      | Learned a level 5 spell: Fireball
  2069 | D:7      | Found Giemebio's Elemental Accessories.
  2098 | D:7      | Found Utatushay's Magic Scroll Shoppe.
  2103 | D:7      | Bought a scroll of identify for 26 gold pieces
  2194 | D:6      | Reached * piety under Sif Muna
  2352 | D:8      | Reached XP level 8. HP: 41/41 MP: 9/19
  2365 | D:8      | Noticed a two-headed ogre
  2369 | D:8      | Killed a two-headed ogre
  2448 | D:8      | Reached skill level 7 in Conjurations
  2465 | D:8      | Reached ** piety under Sif Muna
  2658 | D:7      | Reached XP level 9. HP: 14/45 MP: 4/22
  2809 | D:8      | Reached skill level 8 in Conjurations
  3065 | D:9      | Reached *** piety under Sif Muna
  3074 | D:9      | Noticed an angel
  3074 | D:9      | Found a shimmering altar of Xom.
  3074 | D:9      | Found a glowing silver altar of Zin.
  3077 | D:10     | Entered Level 10 of the Dungeon
  3077 | D:10     | Found Woyn's Antique Armour Emporium.
  3144 | D:9      | Reached skill level 5 in Invocations
  3152 | D:9      | Reached skill level 9 in Conjurations
  3279 | D:9      | Reached **** piety under Sif Muna
  3331 | D:9      | Reached XP level 10. HP: 46/50 MP: 14/24
  3343 | D:9      | Learned a level 3 spell: Inner Flame
  3766 | D:10     | Noticed a gargoyle
  3770 | D:10     | Killed a gargoyle
  3770 | D:10     | Reached ***** piety under Sif Muna
  3770 | D:10     | Reached skill level 10 in Fire Magic
  3784 | D:10     | Reached skill level 10 in Conjurations
  3822 | D:11     | Noticed Grum
  4090 | D:9      | Found a staircase to the Orcish Mines.
  4150 | Orc:1    | Entered Level 1 of the Orcish Mines
  4150 | Orc:1    | Noticed a cyclops
  4156 | Orc:1    | Killed a cyclops
  4418 | D:11     | Killed Grum
  4424 | D:11     | Noticed Erica
  4492 | D:11     | Noticed Josephine
  4516 | D:11     | Noticed Nergalle
  4523 | D:11     | Killed from afar by Josephine

Dungeon Overview and Level Annotations

Branches:
Dungeon (11/15)            Temple (1/1) D:5             Orc (1/2) D:9
   Lair: D:8-11

Altars:
Ashenzari
Cheibriados
Dithmenos
Elyvilon
Fedhas
Gozag
Kikubaaqudgha
Makhleb
Nemelex Xobeh
Okawaru
Pakellas
Qazlal
Ru
Sif Muna
Trog
Vehumet
Xom
Zin

Shops:
D:5 **   D:7 ?*   D:10 [

Annotations:
D:11 Erica, Josephine, Nergalle


Message History

Casting: Flame Tongue
Confirm with . or Enter, or press ? or * to list all spells.
Aiming: Flame Tongue
Press: ? - help, Shift-Dir - straight line, f/p - wraith
Aim: a wraith (almost destroyed, inner flame)
The flame tongue hits the wraith.
The wraith explodes!
Josephine grins malevolently.
Casting: Flame Tongue
Confirm with . or Enter, or press ? or * to list all spells.
Aiming: Fireball
Press: ? - help, Shift-Dir - straight line, f - Josephine
Aim: Josephine, wielding a dagger and wearing a runed robe
Okay, then.
Evoke which item? (* to show all) (? for menu, Esc to quit)
Zapping:
B - a wand of invisibility {zapped: 3} (will waste charges)
Press: ? - help, Shift-Dir - straight line, f - you You fade into invisibility!
Evoking this partially-identified wand wasted a few charges.
Nergalle the Soulbinder comes into view.
She is wielding a dagger of draining.
Josephine is engulfed in roaring flames.
Josephine grins evilly.
Josephine hits you with a dagger!
Josephine casts a spell at something.
The ghostly flame explodes!
The ghostly fireball engulfs Josephine.
Josephine partially resists.
The ghostly fireball engulfs you!
Drink which item? (? for menu, Esc to quit)
Okay, then.
Evoke which item? (* to show all) (? for menu, Esc to quit)
Okay, then.
Casting: Fireball
Confirm with . or Enter, or press ? or * to list all spells.
Aiming: Conjure Flame
Press: ? - help, Dir - move target cursor The fire roars!
Josephine screams, "Die!"
Josephine casts a spell at you.
The ghostly flame explodes!
The ghostly fireball engulfs you!
Ouch! That really hurt!
You die...

You could see Josephine and Nergalle.

Vanquished Creatures
  A cyclops (Orc:1)
  A gargoyle (D:10)
  A two-headed ogre (D:8)
  2 wraiths (D:11)
  Grum (D:11)
  11 yaks (D:9)
  A hippogriff (D:11)
  4 wolves
  4 sky beasts
  4 orc warriors
  2 black bears
  3 ice beasts
  4 ogres
  A necrophage (D:9)
  2 phantoms
  9 centaurs
  A big kobold (D:11)
  3 giant frogs
  A scorpion (D:8)
  A water moccasin skeleton (D:10)
  3 electric eels (D:7)
  3 crimson imps
  A giant frog zombie (D:11)
  A quasit (D:7)
  5 orc priests
  A centaur skeleton (D:4)
  6 hounds
  3 jellies
  6 orc wizards
  4 worker ants
  An iguana (D:8)
  2 hound zombies
  2 hound skeletons
  A worker ant zombie (D:5)
  3 adders
  A shadow imp (D:10)
  2 adder zombies
  An adder skeleton (D:7)
  A worm (D:5)
  2 giant geckos
  26 orcs
  2 bats
  A bat skeleton (D:2)
  3 giant cockroaches
  5 goblins
  5 hobgoblins (D:1)
  11 jackals
  5 kobolds
  A quokka (D:5)
  A ball python (D:5)
  A jackal zombie (D:6)
  3 rats
170 creatures vanquished.

Vanquished Creatures (collateral kills)
  An orc (D:9)
1 creature vanquished.

Vanquished Creatures (others)
  A rat (D:3)
1 creature vanquished.

Grand Total: 172 creatures vanquished

Action                   |  1- 3 |  4- 6 |  7- 9 | 10-12 || total
-------------------------+-------+-------+-------+-------++-------
Melee: Unarmed           |     1 |     4 |       |       ||     5
       Dagger            |       |       |    35 |    20 ||    55
 Cast: Flame Tongue      |    57 |    56 |    82 |    55 ||   250
       Conjure Flame     |       |     5 |     5 |     4 ||    14
       Fireball          |       |       |    32 |    26 ||    58
       Sticky Flame      |       |       |    15 |     8 ||    23
       Inner Flame       |       |       |       |     4 ||     4
Invok: Channel Energy    |       |       |    92 |    52 ||   144
Evoke: Wand              |       |       |     2 |     4 ||     6
  Use: Scroll            |     2 |     3 |     8 |     2 ||    15
       Potion            |       |     1 |     1 |     6 ||     8
 Stab: Invisible         |       |       |     2 |     3 ||     5
       Sleeping          |       |       |     1 |       ||     1
  Eat: Chunk             |       |     2 |    28 |    12 ||    42
       Meat ration       |       |       |       |     2 ||     2
       Fruit             |       |       |       |     2 ||     2

Vault maps used:
D:1:      dpeg_arrival_morbid_curiosity
D:2:      nicolae_overflow_hidden_temple, serial_undead, serial_undead_f,
          serial_undead_b, serial_undead_c, serial_undead_c, serial_undead_e,
          serial_undead_c, first_bread
D:3:      grunt_temple_overflow_holy_war, minivault_14, grunt_ministairs_10,
          minmay_misc_feat_diagonals, minmay_joined_circles
D:4:      grunt_temple_overflow_open, grunt_pakellas_basics
D:5:      serial_shops, nicolae_shop_waterfront, shop
D:6:      trog_hazing_becter
D:7:      serial_shops, shop_fountains, minmay_crystal_water, grunt_ogre_cave,
          minivault_24, nrook_pool_corridor, nicolae_elemental_shop
D:8:      david_lair_shrubbed
D:9:      grunt_temple_overflow_order_and_chaos_1, orc_0_dummy
D:10:     serial_shops, shop, feat_on_display
D:11:     grunt_ministairs_6, elyvilon_altar_1, uniq_erica, uniq_snorg,
          uniq_grum, uniq_nergalle, uniq_josephine
Temple:   minmay_temple_bridge_a_8
Orc:1:    serial_shops, nicolae_shop_stone, mines1_david
